 Dungeon Crawl Stone Soup version 0.25-a0-521-gb5d5f98535 (console) character file.

Game seed: 18323651094623473209, levelgen mode: deterministic

557 Kagalorn the Carver (level 7, -1/41 HPs)
             Began as a Tengu Fighter on Feb 18, 2020.
             Was an Initiate of Ashenzari.
             Killed from afar by Dowan (22 damage)
             ... with a shard of ice
             ... on level 6 of the Dungeon.
             The game lasted 00:09:27 (4477 turns).

Kagalorn the Carver (Tengu Fighter)                 Turns: 4477, Time: 00:09:28

Health: -1/41      AC: 11    Str: 19    XL:     7   Next: 30%
Magic:  8/8        EV:  6    Int:  8    God:    Ashenzari [......]
Gold:   330        SH:  9    Dex: 13    Spells: 6/6 levels left

rFire    . . .     SeeInvis .   a - +0 long sword
rCold    . . .     Gourm    .   c - +0 kite shield
rNeg     . . .     Faith    .   y - +0 chain mail
rPois    .         Spirit   .   (helmet restricted)
rElec    .         Reflect  .   h - +0 cloak
rCorr    .         Harm     .   p - +0 pair of gloves
MR       .....                  (boots unavailable)
Stlth    ..........             (no amulet)
HPRegen  0.13/turn              (no ring)
MPRegen  0.11/turn              (no ring)

@: flying quickly and evasively, glowing, quick
A: beak, talons 3, able to fly
a: Stop Flying, Curse Item, Renounce Religion


You were on level 6 of the Dungeon.
You worshipped Ashenzari.
Ashenzari was noncommittal.
You were hungry.

You visited 1 branch of the dungeon, and saw 6 of its levels.

You collected 330 gold pieces.

Inventory:

Hand Weapons
 a - a +0 long sword (weapon)
Missiles
 e - 53 arrows
 i - 160 stones
 k - 30 bolts
 s - 42 sling bullets
 E - 20 poisoned darts (quivered)
Armour
 c - a +0 kite shield (worn)
 h - a +0 cloak (worn)
 p - a +0 pair of gloves (worn)
 y - a +0 chain mail (worn)
Jewellery
 n - an uncursed ring of ice
Wands
 w - a wand of flame (8)
 B - a wand of clouds (3)
Scrolls
 b - a scroll of noise {unknown}
 g - 7 scrolls of identify {unknown}
 o - 4 scrolls of remove curse
 r - 2 scrolls of blinking {unknown}
 t - a scroll of enchant weapon {unknown}
 A - a scroll of enchant armour {unknown}
 C - a scroll of fear {unknown}
 D - a scroll of random uselessness {unknown}
Potions
 d - a potion of might
 j - a potion of resistance {unknown}
 l - a potion of lignification {unknown}
 m - a potion of magic {unknown}
 q - a potion of ambrosia {unknown}
 u - a potion of flight {unknown}
 v - 2 potions of curing
 x - a potion of brilliance {unknown}
 z - a potion of degeneration {unknown}
Comestibles
 f - 6 rations


   Skills:
 - Level 3.0 Fighting
 + Level 8.6 Long Blades
 - Level 3.2 Armour
 - Level 3.0 Shields


You had 6 spell levels left.
You didn't know any spells.
Your spell library contained the following spells:

 Spells                   Type           Power        Failure   Level  Hunger
 Magic Dart               Conj           #...         100%        1    ##.....
 Searing Ray              Conj           #.....       100%        2    ###....
 Dazzling Flash           Conj/Hex       #.....       100%        3    ####...
 Fulminant Prism          Conj/Hex       #.........   100%        4    #####..
 Iskenderun's Mystic Bla  Conj/Tloc      #.......     100%        4    #####..


Dungeon Overview and Level Annotations

Branches:
Dungeon (6/15)
 Temple: D:4-7

Altars:
Ashenzari
Elyvilon
Fedhas
Hepliaklqana
Ru
Trog
Vehumet
Yredelemnul

Annotations:
D:6 Dowan


Innate Abilities, Weirdness & Mutations

You have a beak for a mouth.
You have claws for feet.
You can fly continuously.


Message History

Your kick misses Duvessa.
Duvessa is severely wounded.
You block Duvessa's attack. x2
You hit Duvessa but do no damage. Your kick misses Duvessa.
Duvessa is severely wounded.
Duvessa hits you but does no damage. x2
You hit Duvessa but do no damage. You claw Duvessa, but do no damage.
Duvessa is severely wounded.
Duvessa hits you but does no damage. You block Dowan's attack.
You hit Duvessa.
Duvessa is almost dead.
Duvessa hits you but does no damage. x2; Dowan hits you but does no damage.
You hit Duvessa.
You kill Duvessa!
Dowan's eyes darken. "You have made a black mistake."
Dowan seems to find hidden reserves of power!
Dowan casts a spell at you. The shard of ice hits you!!
Ouch! That really hurt!
You die...

#....... ##.....##
#### ##.###..#
#...# ##.## ##.#
#..## ###.## #.#
#<## ##..## #.##
##.#####..## #..#
##).##...## #...
#)@e.....#######.##
##...............#
##.....#####....#
###..## ##...# #..#
##..# ##.# #.## #.#
#..## #.# #..## #.#
#..#.


You could see Dowan.

Vanquished Creatures
  Duvessa (D:6)
  A crimson imp (D:5)
  2 centaur skeletons (D:5)
  A hound (D:6)
  A jelly (D:3)
  An orc wizard (D:3)
  A bullfrog skeleton (D:6)
  An iguana (D:5)
  2 worker ants (D:5)
  A hound zombie (D:5)
  A hound skeleton (D:4)
  A gnoll (D:1)
  5 adders
  2 shadow imps (D:5)
  A worm (D:5)
  A dart slug (D:3)
  3 leopard geckos
  9 orcs
  7 bats
  2 giant cockroaches
  9 goblins
  8 hobgoblins
  7 jackals
  7 kobolds
  2 quokkas
  4 frilled lizards
  6 rats
87 creatures vanquished.

Vanquished Creatures (others)
  A quokka (D:4)
1 creature vanquished.

Grand Total: 88 creatures vanquished

Notes
Turn   | Place    | Note
-------+----------+-------------------------------------------
     0 | D:1      | Kagalorn the Tengu Fighter began the quest for the Orb.
     0 | D:1      | Reached XP level 1. HP: 14/14 MP: 2/2
   178 | D:1      | Reached skill level 3 in Long Blades
   178 | D:1      | Reached XP level 2. HP: 19/19 MP: 3/3
   324 | D:1      | Reached XP level 3. HP: 23/23 MP: 4/4
   492 | D:1      | Reached skill level 4 in Long Blades
  1399 | D:3      | Reached XP level 4. HP: 13/28 MP: 5/5
  1608 | D:3      | Reached skill level 5 in Long Blades
  1775 | D:3      | Gained mutation: You can fly continuously. [Tengu growth]
  1775 | D:3      | Reached XP level 5. HP: 14/32 MP: 6/6
  2051 | D:3      | Found a shattered altar of Ashenzari.
  2065 | D:3      | Became a worshipper of Ashenzari the Shackled
  2321 | D:4      | Reached skill level 6 in Long Blades
  2381 | D:4      | Found a hazy altar of Hepliaklqana.
  2428 | D:4      | Found a white marble altar of Elyvilon.
  2862 | D:5      | Entered Level 5 of the Dungeon
  2929 | D:5      | Noticed a sky beast
  3310 | D:5      | Reached XP level 6. HP: 37/37 MP: 7/7
  3420 | D:5      | Found a blossoming altar of Fedhas.
  3434 | D:5      | Found a basalt altar of Yredelemnul.
  3439 | D:5      | Reached skill level 7 in Long Blades
  3450 | D:5      | Found a bloodstained altar of Trog.
  3453 | D:5      | Found a sacrificial altar of Ru.
  3906 | D:5      | Found a radiant altar of Vehumet.
  4240 | D:6      | Reached skill level 8 in Long Blades
  4240 | D:6      | Reached XP level 7. HP: 36/41 MP: 8/8
  4299 | D:6      | Noticed Duvessa
  4329 | D:6      | Noticed Dowan
  4477 | D:6      | Killed Duvessa
  4477 | D:6      | Killed from afar by Dowan

Levels and vault maps discovered:
D:1:      dpeg_arrival_connections, layout_loops_ring
D:2:      layout_loops_ring, first_ration
D:3:      layout_rooms, old_standard_altar
D:4:      layout_loops_ring, kennysheep_mini_moat, elyvilon_altar_4
D:5:      corexii_shack_village, layout_basic, grunt_temple_overflow_cloverleaf,
          marbit_many_paths
D:6:      layout_layer_cave, minmay_temple_entry_wispy, hangedman_decor_growths,
          amethyst_killhole, nemelex_spade_bored_becter, uniq_duvessa

Skill      XL: |  1  2  3  4  5  6 |
---------------+-------------------+-----
Long Blades    | 3 4 5 6 8 |  8.6
Fighting       | |  3.0
Armour         | |  3.2
Shields        | |  3.0

Action                   |  1- 3 |  4- 6 |  7- 9 || total
-------------------------+-------+-------+-------++-------
Melee: Long sword        |    79 |   133 |    39 ||   251
       Kick              |    17 |    37 |    14 ||    68
       Peck              |     4 |    29 |     7 ||    40
Throw: Dart              |       |     2 |       ||     2
 Abil: Fly               |       |     1 |       ||     1
  Eat: Chunk             |     2 |     3 |     2 ||     7
       Ration            |       |     1 |       ||     1
Armor: Scale mail        |    52 |     8 |       ||    60
       Chain mail        |       |    48 |    20 ||    68
Dodge: Dodged            |    26 |    35 |     5 ||    66
Block: Kite shield       |    40 |    47 |    26 ||   113
       Rpst.: Long sword |     6 |    14 |     1 ||    21

Table legend:
 A = Non-vault XP
 B = Vault XP
 C = Vault XP percentage of total XP
 D = Non-vault monster count
 E = Vault monster count
 F = Vault count percentage of total count
                 A         B        C        D         E       F
            +---------+---------+-------+---------+---------+-------
      Total |     634 |     163 |  20.5 |      76 |      11 |  12.6
            +---------+---------+-------+---------+---------+-------
        D:1 |      45 |       0 |   0.0 |      19 |       0 |   0.0
        D:2 |      21 |       0 |   0.0 |      13 |       0 |   0.0
        D:3 |     136 |       0 |   0.0 |      18 |       0 |   0.0
        D:4 |      56 |       0 |   0.0 |      10 |       0 |   0.0
        D:5 |     277 |      21 |   7.0 |      11 |      10 |  47.6
        D:6 |      99 |     142 |  58.9 |       5 |       1 |  16.7
            +---------+---------+-------+---------+---------+-------
